 Dungeon Crawl Stone Soup version 0.26.0-41-g79a4fc7684 (webtiles) character file.

Game seed: 7196934565556407892

5920 Calibrex the Fighter (level 10, -13/83 HPs)
             Began as a Demonspawn Berserker on Jan 27, 2021.
             Was a High Priest of Trog.
             Mangled by an orc warrior
             ... wielding a +0 halberd
              (21 damage)
             ... on level 9 of the Dungeon.
             The game lasted 00:27:02 (7402 turns).

Calibrex the Fighter (Demonspawn Berserker)         Turns: 7402, Time: 00:27:02

Health: -13/83     AC: 14    Str: 23    XL:     10   Next: 53%
Magic:  10/10      EV: 16    Int:  9    God:    Trog [*****.]
Gold:   378        SH:  5    Dex: 13    Spells: 9/9 levels left

rFire    . . .     SeeInvis .   a - +1 war axe
rCold    . . .     Faith    .   (no shield)
rNeg     . . .     Spirit   .   A - +0 leather armour of Guemahuh {Regen+ Str+3 Slay+3}
rPois    .         Reflect  +   (no helmet)
rElec    .         Harm     .   D - +2 cloak {Will+}
rCorr    .         Rampage  .   G - +0 pair of gloves
Will     +++..                  (boots unavailable)
Stlth    ++........             o - amulet of reflection
HPRegen  1.63/turn              l - ring of stealth
MPRegen  0.12/turn              v - +4 ring of protection

@: regenerating
A: hooves 3, icy blue scales 1, demonic guardian 1, spiny 2
a: Renounce Religion, Berserk, Trog's Hand, Brothers in Arms


You were on level 9 of the Dungeon.
You worshipped Trog.
Trog was extremely pleased with you.
You visited 1 branch of the dungeon, and saw 8 of its levels.

You collected 378 gold pieces.

Inventory:

Hand Weapons
 a - a +1 war axe (weapon)
 b - a +2 antimagic short sword
 S - a +3 flail
Missiles
 s - 20 poisoned darts (quivered)
 I - 8 atropa-tipped darts
 N - 4 throwing nets
Armour
 c - a scarf of shadows
 x - a +0 scale mail
 A - the +0 leather armour of Guemahuh (worn) {Regen+ Str+3 Slay+3}
   (You found it on level 4 of the Dungeon)

   It affects your strength (+3).
   It affects your accuracy and damage with ranged weapons and melee attacks
   (+3).
   It increases your rate of regeneration.
 D - a +2 cloak of willpower (worn)
 G - a +0 pair of gloves (worn)
 J - a +2 chain mail of cold resistance
 Q - a +0 plate armour
Jewellery
 l - a ring of stealth (left hand)
 o - an amulet of reflection (around neck)
 u - an uncursed ring of flight
 v - a +4 ring of protection (right hand)
 H - an uncursed amulet of regeneration
Wands
 k - a wand of polymorph (6)
 E - a wand of random effects (19)
 K - a wand of flame (14)
 R - a wand of digging (7)
 U - a wand of iceblast (6)
Scrolls
 f - 5 scrolls of remove curse
 g - 3 scrolls of enchant armour
 h - a scroll of immolation {unknown}
 i - 2 scrolls of blinking
 j - 3 scrolls of enchant weapon
 m - 2 scrolls of teleportation
 p - a scroll of fear
 q - a scroll of identify
 y - a scroll of noise {unknown}
 z - 2 scrolls of magic mapping {unknown}
 B - 4 scrolls of amnesia {unknown}
 F - a scroll of fog
 L - a scroll of torment {unknown}
 P - a scroll of random uselessness {unknown}
Potions
 d - 4 potions of curing {unknown}
 e - 3 potions of heal wounds {unknown}
 n - 4 potions of haste
 r - a potion of invisibility
 t - a potion of cancellation {unknown}
 w - a potion of magic {unknown}
 C - a potion of resistance {unknown}
 M - a potion of might {unknown}
 O - a potion of mutation {unknown}
 T - a potion of attraction {unknown}


   Skills:
 + Level 9.3 Fighting
 - Level 2.6 Axes
 + Level 8.2 Armour
 + Level 8.2 Dodging
 - Level 5.0 Evocations


You had 9 spell levels left.
You didn't know any spells.
Your spell library was empty.

Dungeon Overview and Level Annotations

Branches:
Dungeon (7/15)             Temple (0/1) D:5             Orc (0/2) D:9

Altars:
Ashenzari
Dithmenos
Fedhas
Gozag
Hepliaklqana
Qazlal
Ru
Sif Muna
Trog
Uskayaw
Xom
Yredelemnul
Zin

Shops:
D:4 =

Annotations:
D:7 exclusion: door


Innate Abilities, Weirdness & Mutations

You have hooves in place of feet.
You are partially covered in icy blue scales. (AC +2)
A weak demonic guardian rushes to your aid.
You are mostly covered in sharp spines.


Message History

The big kobold closely misses you. You block the orc warrior's attack.
You hit the big kobold.
You kill the big kobold!
Trog accepts your kill. The orc warrior completely misses you.
You slash the orc!
You kill the orc!
Trog accepts your kill.
The orc warrior hits you from afar with a +0 halberd!
* * * LOW HITPOINT WARNING * * *
The orc warrior hits you with a +0 halberd!
* * * LOW HITPOINT WARNING * * *
Things that are here:
a +0 short sword; a big kobold corpse You barely miss the orc warrior.
Your kick misses the orc warrior.
The orc warrior hits you but does no damage.
You barely miss the orc warrior. You kick the orc warrior.
The orc warrior is lightly wounded.
The orc warrior hits you with a +0 halberd!!
You die...

#....##..# #..# #
#..#.####### ...#
#
#..#.#8...8#....#
#
#††#)#o....###..#
# #..#.((.>..#
#..# #
#..#.#o....# #..#
# #..#(#8...8#
..#### #..#(#
##### ......
#.5@o# ......
#..### ####..
#..# #.. #..# #..
#..# #.. #..# #.
#..# #..


You could see an orc warrior and a friendly quasit (summoned).

Vanquished Creatures
  Harold (D:7)
  Joseph (D:7)
  A troll (D:9)
  A hornet (D:7)
  Prince Ribbit (D:7)
  Sigmund (D:5)
  6 orc warriors
  2 ice beasts (D:6)
  2 sky beasts
  A necrophage (D:7)
  3 phantoms
  2 centaurs
  5 ogres
  5 big kobolds (D:9)
  3 bullfrogs
  2 gnoll sergeants (D:9)
  2 scorpions
  6 killer bees (D:7)
  5 wights (D:7)
  A bullfrog zombie (D:6)
  4 hounds
  4 orc priests
  Crazy Yiuf (D:4)
  2 bullfrog skeletons
  An iguana (D:7)
  3 orc wizards
  Natasha (thrice) (D:2)
  6 worker ants
  A hound zombie (D:9)
  2 hound skeletons
  A howler monkey zombie (D:7)
  A gnoll (D:9)
  10 adders
  A shadow imp (D:2)
  3 white imps
  An ufetubus (D:7)
  An ooze (D:1)
  An adder skeleton (D:7)
  4 worms
  3 dart slugs (D:1)
  2 leopard geckos
  24 orcs
  5 bats
  7 giant cockroaches
  7 goblins
  6 hobgoblins
  9 jackals
  6 kobolds
  5 quokkas
  A ball python skeleton (D:3)
  2 frilled lizards
  A jackal skeleton (D:7)
  A leopard gecko skeleton (D:6)
  A quokka skeleton (D:4)
  4 rats
185 creatures vanquished.

Vanquished Creatures (collateral kills)
  A steam dragon (D:9)
  An ogre (D:9)
  2 orcs
4 creatures vanquished.

Grand Total: 189 creatures vanquished

Notes
Turn   | Place    | Note
-------+----------+-------------------------------------------
     0 | D:1      | Calibrex the Demonspawn Berserker began the quest for the
                  | Orb.
     0 | D:1      | Reached XP level 1. HP: 18/18 MP: 1/1
    48 | D:1      | You fall into a shaft and drop 1 floor!
    67 | D:2      | Gained mutation: You have large cloven feet. [demonic
                  | ancestry]
    67 | D:2      | Reached XP level 2. HP: 10/24 MP: 2/2
   297 | D:2      | Found a faded altar of an unknown god.
   552 | D:1      | Gained mutation: You have hoof-like feet. [demonic
                  | ancestry]
   552 | D:1      | Reached XP level 3. HP: 29/29 MP: 3/3
  1327 | D:2      | Noticed Natasha
  1334 | D:2      | Killed Natasha
  1335 | D:2      | Gained mutation: You are partially covered in icy blue
                  | scales. (AC +2) [demonic ancestry]
  1335 | D:2      | Reached XP level 4. HP: 37/37 MP: 4/4
  1473 | D:2      | Noticed Natasha
  1481 | D:2      | Killed Natasha
  1688 | D:2      | Noticed Natasha
  1704 | D:2      | Killed Natasha
  1705 | D:2      | Reached skill level 4 in Fighting
  2015 | D:2      | Found a basalt altar of Yredelemnul.
  2015 | D:2      | Found a hide-covered altar of Uskayaw.
  2154 | D:3      | Found a blossoming altar of Fedhas.
  2202 | D:3      | Reached ** piety under Trog
  2203 | D:3      | Reached XP level 5. HP: 27/42 MP: 5/5
  3197 | D:4      | Noticed a centaur
  3214 | D:4      | Killed a centaur
  3444 | D:4      | Gained mutation: You are partially covered in sharp spines.
                  | [demonic ancestry]
  3444 | D:4      | Reached XP level 6. HP: 49/49 MP: 6/6
  3693 | D:4      | Found a runed translucent door.
  3694 | D:4      | Noticed Crazy Yiuf
  3804 | D:4      | Got a twisted leather armour
  3815 | D:4      | Identified the cursed +0 leather armour of Guemahuh {Regen+
                  | Str+3 Slay+3} (You found it on level 4 of the Dungeon)
  3907 | D:4      | Found Syukluah's Jewellery Emporium.
  3962 | D:4      | Reached skill level 5 in Fighting
  4306 | D:4      | Killed Crazy Yiuf
  4307 | D:4      | Reached XP level 7. HP: 56/56 MP: 7/7
  4349 | D:5      | Entered Level 5 of the Dungeon
  4481 | D:5      | Reached *** piety under Trog
  4538 | D:5      | Found a staircase to the Ecumenical Temple.
  4666 | D:5      | Noticed Sigmund
  4672 | D:5      | Killed Sigmund
  4673 | D:5      | Reached skill level 6 in Fighting
  4673 | D:5      | Reached skill level 5 in Armour
  4783 | D:5      | Found a shadowy altar of Dithmenos.
  4870 | D:5      | Found a hazy altar of Hepliaklqana.
  4927 | D:5      | Found a bloodstained altar of Trog.
  5045 | D:6      | Reached skill level 5 in Dodging
  5127 | D:6      | Gained mutation: A weak demonic guardian rushes to your
                  | aid. [demonic ancestry]
  5127 | D:6      | Reached XP level 8. HP: 64/64 MP: 8/8
  5553 | D:6      | Found a sacrificial altar of Ru.
  5789 | D:6      | Reached skill level 7 in Fighting
  5958 | D:7      | Reached skill level 1 in Evocations
  5976 | D:7      | Reached **** piety under Trog
  6007 | D:7      | Found a stormy altar of Qazlal.
  6053 | D:7      | Noticed Harold
  6057 | D:7      | Found an opulent altar of Gozag.
  6071 | D:7      | Killed Harold
  6072 | D:7      | Gained mutation: You have hooves in place of feet. [demonic
                  | ancestry]
  6072 | D:7      | Reached XP level 9. HP: 49/73 MP: 3/9
  6340 | D:7      | Noticed Joseph
  6352 | D:7      | Killed Joseph
  6353 | D:7      | Reached skill level 8 in Fighting
  6491 | D:7      | Noticed Prince Ribbit
  6505 | D:7      | Killed Prince Ribbit
  6620 | D:7      | Gained mutation: You are mostly covered in sharp spines.
                  | [demonic ancestry]
  6620 | D:7      | Reached XP level 10. HP: 56/82 MP: 10/10
  6733 | D:7      | Found a shimmering blue altar of Sif Muna.
  7104 | D:7      | Found a glowing silver altar of Zin.
  7157 | D:7      | You fall into a shaft and drop 2 floors!
  7256 | D:9      | Found a broken altar of Ashenzari.
  7288 | D:9      | Reached skill level 5 in Evocations
  7310 | D:9      | Found a shimmering altar of Xom.
  7334 | D:9      | Found a staircase to the Orcish Mines.
  7347 | D:9      | Reached skill level 9 in Fighting
  7375 | D:9      | Reached ***** piety under Trog
  7400 | D:9      | HP: 4/83 [orc warrior/+0 halberd (17)]
  7402 | D:9      | Mangled by an orc warrior

Illustrated notes

Levels and vault maps discovered:
D:1:      lightli_arrival_statuegarden, layout_loops_ring, minmay_distorted
D:2:      layout_basic, gammafunk_temple_overflow_pools,
          chequers_ecumenical_altar_island, serial_curves, eino_curves_01,
          eino_curves_03, eino_curves_03, uniq_natasha
D:3:      layout_rooms, st_stairs_12, fedhas_altar_1
D:4:      layout_basic, serial_shops, nicolae_shop_window_shopping,
          uniq_crazy_yiuf_cottage
D:5:      layout_loops_ring, kennysheep_little_box,
          nicolae_overflow_hidden_temple, grunt_dithmenos_smoke_and_mirrors,
          minmay_temple_entry_nine_rooms, uniq_sigmund
D:6:      layout_gridville, kennysheep_mini
D:7:      minmay_recursive_quarters, layout_gridville,
          lemuel_coloured_pillars_altar, led_sif_book, kennysheep_mini_moat,
          marbit_many_paths, uniq_joseph, uniq_prince_ribbit1, uniq_harold
D:9:      layout_small_grid, makhleb_blood_cavern_becter, xom_butterflies,
          lemuel_round_altar, kennysheep_orc_monster_closet_entryway

Skill      XL: |  1  2  3  4  5  6  7  8  9 10 |
---------------+-------------------------------+-----
Armour         | 2 3 4 5 6 7 8 |  8.2
Dodging        | 2 3 4 5 6 7 8 |  8.2
Fighting       | 4 5 6 7 8 9 |  9.3
Evocations     | 2 4 5 |  5.0
Axes           | |  2.6

Action                   |  1- 3 |  4- 6 |  7- 9 | 10-12 || total
-------------------------+-------+-------+-------+-------++-------
Melee: Hand axe          |    60 |   154 |    43 |       ||   257
       Kick              |    18 |    28 |    65 |    31 ||   142
       Short sword       |       |     1 |    33 |       ||    34
       War axe           |       |       |   105 |    91 ||   196
Throw: Dart              |       |       |     2 |       ||     2
Invok: Berserk           |     2 |     1 |     3 |       ||     6
       Trog's Hand       |       |       |       |     1 ||     1
Evoke: Wand              |       |       |     1 |       ||     1
  Use: Scroll            |       |     3 |     7 |       ||    10
 Stab: Sleeping          |       |     1 |     3 |       ||     4
       Distracted        |       |       |     2 |       ||     2
Armor: Animal skin       |     5 |       |       |       ||     5
       Ring mail         |    10 |    51 |       |       ||    61
       Scale mail        |       |    18 |       |       ||    18
       Leather armour    |       |     5 |    55 |    21 ||    81
Dodge: Dodged            |    32 |   101 |    90 |    71 ||   294
Block: Other             |       |    20 |    45 |    23 ||    88
       Reflection        |       |     2 |     3 |     1 ||     6
